 Dungeon Crawl Stone Soup version 0.31-a0-846-gb3bcc0d938 (webtiles) character file.

Game seed: 12430535067026233324

807 wvc the Conjurer (level 7, -2/36 HPs)
             Began as a Gargoyle Fire Elementalist on Oct 3, 2023.
             Killed by an exploding butterfly (5 damage)
             ... ignited by their inner flame
             ... on level 5 of the Dungeon.
             The game lasted 00:17:19 (4980 turns).

wvc the Conjurer (Gargoyle Fire Elementalist)       Turns: 4980, Time: 00:17:20

Health: -2/36      AC:  9    Str: 11    XL:     7   Next: 92%
Magic:  13/13      EV: 11    Int: 18    God:
Gold:   320        SH:  0    Dex: 10    Spells: 4/15 levels left

rFire   + + .        q - +1 mace (protect)
rCold   . . .        (no shield)
rNeg    + . .        A - +2 leather armour {rF+}
rPois   ∞            (no helmet)
rElec   +            (no cloak)
rCorr   .            (no gloves)
SInv    .            (no boots)
Will    +....        (no amulet)
Stlth   ++           p - ring of protection from fire
HPRegen 0.26/turn    t - ring of willpower
MPRegen 0.13/turn

%: no passive effects
@: no status effects
A: sickness immunity, AC +4, negative energy resistance 1, electricity
resistance, torment resistance 1, petrification resistance
a: no special abilities


You were on level 5 of the Dungeon.
You visited 1 branch of the dungeon, and saw 5 of its levels.

You collected 320 gold pieces.

Inventory:

Hand Weapons
 c - a +1 rapier
 g - a +1 dagger of freezing
 j - a +0 dagger of speed
 q - a +1 mace of protection (weapon)
 z - a +2 dagger of draining
Missiles
 w - 8 poisoned darts
 C - a throwing net
Armour
 A - a +2 leather armour of fire resistance (worn)
 B - the +0 leather armour of Lapsor {Drain +Inv rF+ Stlth+}
   (You found it on level 5 of the Dungeon)

   rF+:       It protects you from fire.
   +Inv:      It lets you turn invisible.
   Drain:     It drains your maximum health when unequipped.
   Stlth+:    It makes you more stealthy.
Magical Staves
 o - a staff of poison
Jewellery
 i - a ring of flight
 p - a ring of protection from fire (left hand)
 t - a ring of willpower (right hand)
 x - an amulet of faith
Talismans
 l - a blade talisman
 s - a maw talisman
Scrolls
 n - 2 scrolls of teleportation
 v - 2 scrolls of enchant weapon
Potions
 a - 3 potions of attraction
 b - 3 potions of magic
 e - a potion of brilliance
 f - 3 potions of curing
 h - 2 potions of haste
 m - a potion of resistance
 r - a potion of enlightenment
 u - 3 potions of heal wounds


   Skills:
 - Level 1.5 Dodging
 - Level 2.1 Stealth
 + Level 4.6 Spellcasting
 * Level 5.9 Conjurations
 + Level 5.5 Fire Magic


You had 4 spell levels left.
You knew the following spells:

 Your Spells              Type           Power      Damage    Failure   Level
a - Foxfire               Conj/Fire      96%        2x1d8     1%          1
b - Magic Dart            Conj           100%       1d8       1%          1
c - Inner Flame           Hex/Fire       14%        N/A       17%         3
d - Flame Wave            Conj/Fire      24%        2d8       17%         4
e - Scorch                Fire           48%        2d7       2%          2

Your spell library contained the following spells:

 Spells                   Type           Power      Damage    Failure   Level
 Dazzling Flash           Conj/Hex       28%        N/A       16%         3
 Volatile Blastmotes      Fire/Tloc      28%        2d12      17%         3
 Apportation              Tloc           8%         N/A       19%         1
 Mephitic Cloud           Conj/Pois/Air  11%        N/A       24%         3
 Call Imp                 Summ           8%         N/A       28%         2
 Ensorcelled Hibernation  Hex/Ice        8%         N/A       28%         2
 Jinxbite                 Hex            8%         N/A       28%         2
 Anguish                  Hex/Necr       2%         N/A       88%         4
 Starburst                Conj/Fire      12%        6d5       95%         6
 Alistair's Intoxication  Tmut/Pois      2%         N/A       99%         5
 Maxwell's Capacitive Co  Air            2%         ∞         100%        8


Dungeon Overview and Level Annotations

Branches:
Dungeon (5/15)
 Temple: D:4-7

Altars:
Hepliaklqana
Qazlal

Shops:
D:5 (


Innate Abilities, Weirdness & Mutations

You are immune to sickness and miasma.
Your stone body is resilient. (AC +4)
You are immune to poison.
You resist negative energy. (rN+)
You are resistant to electric shocks. (rElec)
You are resistant to unholy torment.
You are immune to petrification.


Message History

Your butterfly explodes!
The fiery explosion engulfs your butterfly!!
Your butterfly disappears in a burst of colours!
Your butterfly explodes! x2
The fiery explosion engulfs your butterfly!!
Your butterfly disappears in a burst of colours!
The fiery explosion engulfs your butterfly!!
Your butterfly disappears in a burst of colours!
Your butterfly explodes!
The fiery explosion engulfs your butterfly!!!
Your butterfly disappears in a burst of colours!
Your butterfly explodes!
The fiery explosion engulfs your butterfly!!
Your butterfly disappears in a burst of colours!
The fiery explosion engulfs you! You resist.
Your butterfly explodes!
The fiery explosion engulfs you. You resist.
Your butterfly explodes!
The fiery explosion engulfs you! You resist.
Your butterfly explodes! x5
The fiery explosion engulfs your butterfly!!
Your butterfly disappears in a burst of colours!
The fiery explosion engulfs you! You resist.
* * * LOW HITPOINT WARNING * * *
Your butterfly explodes!
The fiery explosion engulfs your butterfly!!
Your butterfly disappears in a burst of colours!
The fiery explosion engulfs your butterfly!!
Your butterfly disappears in a burst of colours!
The fiery explosion engulfs your butterfly!
Your butterfly disappears in a burst of colours!
Your butterfly explodes!
The fiery explosion engulfs your butterfly!!
Your butterfly disappears in a burst of colours!
Your butterfly explodes!
The fiery explosion engulfs your butterfly!!
Your butterfly disappears in a burst of colours!
Your butterfly explodes! x2
The fiery explosion engulfs you. You resist.
You die...

#.#####..<.............
#######S.............##
###.#§.§b.b...........#
###..§§§§..............
###..§§§§§.............
##..§§§§§§§§...........
###§§§§§§§§§§..........
###§§§§§§§§§§..........
####§§@§§§§§§..........
####§§§§§§§§§..........
#####§§§§§§.§..........
#####.§§§§#............
#####...§######........
#####.....### ##.###...
######......###.## ####
##.######...# * #.##
##### *


You could see a water moccasin.

Vanquished Creatures
  A phantom (D:4)
  2 scorpions
  5 hounds
  4 jellies (D:5)
  An orc wizard (D:5)
  Terence (D:3)
  3 iguanas
  8 gnolls
  4 adders
  2 worms
  4 dart slugs
  5 orcs
  11 endoplasms
  3 giant cockroaches
  5 goblins
  A hobgoblin (D:4)
  6 jackals (D:2)
  6 kobolds
  4 quokkas
  5 ball pythons
  8 bats
  4 frilled lizards
  10 rats
103 creatures vanquished.

Vanquished Creatures (collateral kills)
  A foxfire (D:1)
1 creature vanquished.

Vanquished Creatures (others)
  216 foxfires
216 creatures vanquished.

Grand Total: 320 creatures vanquished

Notes
Turn   | Place    | Note
-------+----------+-------------------------------------------
     0 | D:1      | wvc the Gargoyle Fire Elementalist began the quest for the
                  | Orb.
     0 | D:1      | Reached XP level 1. HP: 10/10 MP: 3/3
   357 | D:1      | Reached XP level 2. HP: 11/15 MP: 5/5
   778 | D:1      | Found a faded altar of an unknown god.
   848 | D:1      | Reached XP level 3. HP: 17/19 MP: 3/6
  1624 | D:2      | Reached XP level 4. HP: 24/24 MP: 5/7
  2245 | D:3      | Noticed a scorpion
  2256 | D:3      | Killed a scorpion
  2257 | D:3      | Reached XP level 5. HP: 25/28 MP: 3/9
  2441 | D:3      | Noticed Terence
  2474 | D:3      | Killed Terence
  2716 | D:3      | Learned a level 1 spell: Magic Dart
  2720 | D:3      | Learned a level 3 spell: Inner Flame
  2725 | D:3      | Learned a level 4 spell: Flame Wave
  3109 | D:4      | You fall into a shaft and drop 1 floor!
  3109 | D:5      | Entered Level 5 of the Dungeon
  3153 | D:5      | Reached XP level 6. HP: 32/32 MP: 6/11
  3210 | D:5      | Found Irimubyre's Antique Weapon Shop.
  3319 | D:5      | Reached skill level 5 in Fire Magic
  3424 | D:4      | Found a hazy altar of Hepliaklqana.
  3424 | D:4      | Found a stormy altar of Qazlal.
  3560 | D:4      | Reached XP level 7. HP: 32/36 MP: 8/12
  3961 | D:4      | Learned a level 2 spell: Scorch
  4030 | D:4      | Reached skill level 5 in Conjurations
  4154 | D:5      | Identified the +0 leather armour of Lapsor {Drain +Inv rF+
                  | Stlth+}
  4980 | D:5      | Killed by an exploding butterfly... ignited by their inner
                  | flame

Illustrated notes

Levels and vault maps discovered:
D:1:      dpeg_arrival_pond, layout_loops_corners,
          ebering_ecumenical_altar_ruins, serial_forest,
          infiniplex_forest_lined_1, infiniplex_forest_clump_curved,
          infiniplex_forest_lined_2, infiniplex_forest_join,
          infiniplex_forest_lined_corner, infiniplex_forest_join
D:2:      cheibrodos_old_hovel, layout_loops_ring
D:3:      layout_basic, kennysheep_generic_room_9, uniq_terence
D:4:      layout_rooms, jmf_multi_god_temple
D:5:      layout_layer_cave, serial_shops, nicolae_shop_overgrown_old_shop,
          minmay_starry_boxes

Skill      XL: |  1  2  3  4  5  6  7 |
---------------+----------------------+-----
Conjurations   | 2 3 4 5 |  5.9
Fire Magic     | 4 5 |  5.5
Spellcasting   | 3 4 |  4.6
Dodging        | |  1.5
Stealth        | |  2.1

Action                     |  1- 3 |  4- 6 |  7- 9 || total
---------------------------+-------+-------+-------++-------
  Melee: Rapier            |   109 |    36 |       ||   145
         Punch             |     3 |     2 |     1 ||     6
         Mace              |       |    28 |    30 ||    58
  Throw: Dart              |       |     2 |       ||     2
   Cast: Foxfire           |    19 |    54 |    54 ||   127
         Scorch            |       |       |     1 ||     1
    Use: Scroll            |       |    12 |     4 ||    16
   Stab: Sleeping          |     6 |     2 |       ||     8
         Distracted        |       |     1 |       ||     1
 Armour: Leather armour    |    73 |    58 |    63 ||   194
  Dodge: Dodged            |    87 |    51 |    31 ||   169

Table legend: (Time is in decaauts)
 A = Elapsed time spent in this place.
 B = Non-inter-level travel time spent in this place.
 C = Inter-level travel time spent in this place.
 D = Time resting spent in this place.
 E = Time spent auto-exploring this place.
 F = Levels seen in this place.
 G = Mean time per level.
                   A        B        C        D        E       F      G
               +--------+--------+--------+--------+--------+-----+--------+
         Total |   5033 |   4934 |     99 |    241 |   3544 |   5 | 1006.6 |
       Dungeon |   5033 |   4934 |     99 |    241 |   3544 |   5 | 1006.6 |
               +--------+--------+--------+--------+--------+-----+--------+

Top non-repeatable levels by time:
     D:5: 1430 daAuts
     D:1: 1179 daAuts
     D:2: 1039 daAuts
     D:3: 824 daAuts
     D:4: 559 daAuts
